 Dungeon Crawl Stone Soup version 0.27.1-3-gb3d3a73c9e (webtiles) character file.

Game seed: 4484671816274321805

188 karkarkar the Shield-Bearer (level 5, -3/33 HPs)
             Began as a Gargoyle Fighter on Oct 30, 2021.
             Killed by divine providence
             ... invoked by an orc priest
              (12 damage)
             ... on level 4 of the Dungeon.
             The game lasted 00:14:13 (3422 turns).

karkarkar the Shield-Bearer (Gargoyle Fighter)      Turns: 3422, Time: 00:14:13

Health: -3/33      AC: 13    Str: 20    XL:     5   Next: 67%
Magic:  5/5        EV:  5    Int:  9    God:
Gold:   143        SH:  9    Dex:  9    Spells: 4/4 levels left

rFire    . . .     SeeInvis +   s - +0 whip
rCold    + . .     Faith    .   c - +0 kite shield
rNeg     + . .     Spirit   .   g - +0 chain mail
rPois    ∞         Reflect  .   (no helmet)
rElec    +         Harm     .   (no cloak)
rCorr    .         Rampage  .   (no gloves)
Will     .....                  (no boots)
Stlth    ..........             (no amulet)
HPRegen  0.11/turn              h - ring of see invisible
MPRegen  0.09/turn              t - ring of protection from cold

@: no status effects
A: sickness immunity, AC +4, negative energy resistance 1, electricity
resistance, torment resistance 1, petrification resistance
a: no special abilities


You were on level 4 of the Dungeon.
You visited 1 branch of the dungeon, and saw 4 of its levels.

You collected 143 gold pieces.

Inventory:

Hand Weapons
 a - a +0 flail
 s - a +0 whip (weapon)
Missiles
 x - 17 poisoned darts (quivered)
Armour
 c - a +0 kite shield (worn)
 g - a +0 chain mail (worn)
Jewellery
 h - a ring of see invisible (left hand)
 t - a ring of protection from cold (right hand)
Scrolls
 b - a scroll of amnesia
 e - a scroll of immolation
 j - a scroll of fog {unknown}
 k - a scroll of enchant armour {unknown}
 n - a scroll of holy word {unknown}
 o - a scroll of teleportation {unknown}
 p - a scroll of torment {unknown}
 q - a scroll of magic mapping {unknown}
 r - a scroll of acquirement {unknown}
Potions
 d - a potion of flight {unknown}
 f - a potion of mutation {unknown}
 i - 2 potions of heal wounds {unknown}
 l - 2 potions of curing {unknown}
 m - a potion of invisibility {unknown}
 u - a potion of degeneration {unknown}
 v - a potion of ambrosia {unknown}
 w - a potion of brilliance {unknown}


   Skills:
 + Level 3.9 Fighting
 + Level 3.4 Maces & Flails
 + Level 4.3 Armour
 - Level 0.1 Dodging
 + Level 0.2 Stealth
 + Level 4.6 Shields


You had 4 spell levels left.
You didn't know any spells.
Your spell library was empty.

Dungeon Overview and Level Annotations

Branches:
Dungeon (4/15)
 Temple: D:4-7

Altars:
Elyvilon

Annotations:
D:3 Grinder


Innate Abilities, Weirdness & Mutations

You are immune to sickness and miasma.
Your stone body is resilient. (AC +4)
You are immune to poison.
You resist negative energy. (rN+)
You are resistant to electric shocks. (rElec)
You are resistant to unholy torment.
You are immune to petrification.


Message History

You see here a +0 whip. 2 orc priests come into view.
Found a flail.
The orc priest shouts! x2; You hear an angry growl.
An orc priest comes into view. It is wielding a +0 mace.
The orc priest calls down the wrath of Beogh upon you.
Beogh smites you!
You see here a +0 whip.
No other quiver actions available for cycling.
No other quiver actions available for cycling.
Okay, then.
Okay, then.
You start resting.
An orc priest is nearby!
The orc priest hits you but does no damage.
Your shield prevents you from hitting the orc priest.
You block the orc priest's attack.
The orc priest mumbles some strange prayers to Beogh against you.
Pain shoots through your body!
You hit the orc priest.
The orc priest is moderately wounded.
The orc priest hits you but does no damage.
The orc priest completely misses you.
Your chain mail prevents you from hitting the orc priest.
The orc priest is moderately wounded.
The orc priest shouts!
You hear an angry growl.
The orc priest hits you but does no damage. x2
The orc priest hits you with a +0 dagger.
You barely miss the orc priest.
The orc priest is moderately wounded.
The orc priest calls upon Beogh to heal the orc priest.
The orc priest's wounds heal themselves!
The orc priest calls down the wrath of Beogh upon you.
Beogh smites you!
* * * LOW HITPOINT WARNING * * *
The orc priest hits you but does no damage.
You see here a +0 club.
The orc priest invokes the aid of Beogh against you.
Beogh smites you!
You die...

### #.#### ##....###
##.......# #..o......
##........# #.....(.(.
##.........# #.o.......
#..........# #.........
##......@)o.## #.........
#.........o..# #...(.....
##...........o###.........
#...........#.)##.........
##...........##..#........)
#............###.........##
############## #...####..##
##...>...... #.........≈


You could see 3 orc priests.

Vanquished Creatures
  An orc priest (D:4)
  Terence (D:2)
  A gnoll (D:1)
  5 adders
  A dart slug (D:1)
  2 orcs
  8 ball pythons
  7 bats
  7 endoplasms
  3 giant cockroaches
  12 goblins
  7 hobgoblins
  A quokka (D:1)
  2 frilled lizards
  10 kobolds
  3 rats
71 creatures vanquished.

Notes
Turn   | Place    | Note
-------+----------+-------------------------------------------
     0 | D:1      | karkarkar the Gargoyle Fighter began the quest for the Orb.
     0 | D:1      | Reached XP level 1. HP: 14/14 MP: 1/1
   110 | D:1      | Reached XP level 2. HP: 18/19 MP: 2/2
   441 | D:1      | Reached XP level 3. HP: 23/23 MP: 3/3
  1393 | D:2      | Noticed Terence
  1405 | D:2      | Killed Terence
  1406 | D:2      | Reached XP level 4. HP: 28/29 MP: 4/4
  1989 | D:2      | Found a faded altar of an unknown god.
  2021 | D:2      | Reached XP level 5. HP: 33/33 MP: 5/5
  2077 | D:2      | Found a white marble altar of Elyvilon.
  2306 | D:3      | Noticed Grinder
  2652 | D:3      | You fall into a shaft and drop 1 floor!
  3422 | D:4      | Killed from afar by an orc priest

Illustrated notes

Levels and vault maps discovered:
D:1:      dpeg_chamrin_arrival_tetris, layout_loops_corners, minmay_tetromino_s4
D:2:      kennysheep_the_goblin_king, layout_rooms, basic_altar,
          ebering_ecumenical_altar_box, uniq_terence
D:3:      layout_rooms, grunt_decor_mini_mirrors, uniq_grinder
D:4:      layout_cave_pods, mainiacjoe_overflow_catwalk

Skill      XL: |  1  2  3  4 |
---------------+-------------+-----
Shields        | 4 |  4.6
Maces & Flails | 3 |  3.4
Armour         | 4 |  4.3
Fighting       | |  3.9
Dodging        | |  0.1
Stealth        | |  0.2

Action                   |  1- 3 |  4- 6 || total
-------------------------+-------+-------++-------
Melee: Flail             |    85 |    42 ||   127
       Whip              |       |   177 ||   177
Throw: Dart              |       |     8 ||     8
  Use: Scroll            |     1 |     2 ||     3
       Potion            |     1 |       ||     1
Armor: Scale mail        |     7 |       ||     7
       Chain mail        |    35 |   156 ||   191
Dodge: Dodged            |    22 |    50 ||    72
Block: Kite shield       |    38 |   126 ||   164
